 Dungeon Crawl Stone Soup version 0.27.0-1-g7a08968 (webtiles) character file.

Game seed: 13270215353071318306

60 DeadlyToaster the Chiller (level 3, 0/24 HPs)
             Began as a Mummy Ice Elementalist on Nov 2, 2021.
             Slain by a gnoll (4 damage)
             ... on level 2 of the Dungeon.
             The game lasted 00:11:05 (2021 turns).

DeadlyToaster the Chiller (Mummy Ice Elementalist)  Turns: 2021, Time: 00:11:07

Health: 0/24       AC:  9    Str: 11    XL:     3   Next: 82%
Magic:  1/7        EV: 12    Int: 15    God:
Gold:   88         SH:  0    Dex: 12    Spells: 1/8 levels left

rFire    x . .     SeeInvis .   l - +0 long sword
rCold    + . .     Faith    .   (no shield)
rNeg     + + +     Spirit   .   a - +0 robe
rPois    ∞         Reflect  .   (no helmet)
rElec    .         Harm     .   (no cloak)
rCorr    .         Rampage  .   (no gloves)
Will     .....                  j - +0 pair of boots
Stlth    ++........             (no amulet)
HPRegen  0.08/turn              (no ring)
MPRegen  0.10/turn              (no ring)

@: ice-armoured
A: cold resistance 1, negative energy resistance 3, torment resistance 2, heat
vulnerability 1, no potions
a: no special abilities


You were on level 2 of the Dungeon.
You visited 1 branch of the dungeon, and saw 2 of its levels.

You collected 88 gold pieces.

Inventory:

Hand Weapons
 e - a +0 club
 f - a +0 dagger
 g - a +0 short sword
 h - a +0 hunting sling
 l - a +0 long sword (weapon)
Missiles
 b - 36 arrows
 c - 8 sling bullets
 i - 111 stones
 m - 7 poisoned darts (quivered)
Armour
 a - a +0 robe (worn)
 d - a +0 leather armour
 j - a +0 pair of boots (worn)
Scrolls
 k - a scroll of holy word {unknown}


   Skills:
 + Level 1.6 Dodging
 + Level 1.8 Stealth
 + Level 3.1 Spellcasting
 * Level 4.3 Ice Magic


You had one spell level left.
You knew the following spells:

 Your Spells              Type           Power      Damage    Failure   Level
a - Freeze                Ice            60%        1d8       3%          1
b - Frozen Ramparts       Ice            30%        1d5       10%         3
c - Ozocubu's Armour      Ice            15%        N/A       10%         3

Your spell library contained the following spells:

 Spells                   Type           Power      Damage    Failure   Level
 Hailstorm                Conj/Ice       8%         3d4       63%         4


Dungeon Overview and Level Annotations

Branches:
Dungeon (2/15)

Altars:

Shops:
D:2 [


Innate Abilities, Weirdness & Mutations

You are immune to poison.
Your flesh is cold resistant. (rC+)
You are immune to negative energy. (rN+++)
You are immune to unholy pain and torment.
You are vulnerable to heat. (rF-)
You do not drink.


Message History

Aim: a gnoll, wielding a +0 flail (lightly wounded, 60% to hit)
You throw a poisoned dart.
The poisoned dart closely misses the gnoll.
The wall freezes the gnoll. x2
You hit the gnoll.
The gnoll is almost dead.
The wall freezes the gnoll.
You kill the gnoll!
The wall freezes the gnoll. x2
You closely miss the gnoll.
The gnoll is heavily wounded.
The wall freezes the gnoll.
The gnoll hits you from afar with a +0 halberd!
The wall freezes the gnoll.
The gnoll hits you with a +0 whip!
* * * LOW HITPOINT WARNING * * *
Your frozen ramparts will break if you move.
Continue? [Y]es or [N]o only, please.
Your frozen ramparts will break if you move.
Continue?
Okay, then.
Casting: Frozen Ramparts (quite dangerous; 11% risk of failure)
Confirm with . or Enter, or press ? or * to list all spells.
The spell is quite dangerous to cast (11% risk of failure)!
Continue anyway?
A film of ice covers your body!
The wall freezes the gnoll.
The gnoll closely misses you.
The wall freezes the gnoll.
You kill the gnoll!
Throw: 9 darts (poison)
Press: ? - help, Q - select action, (/) - cycle Shift-Dir - straight line, f - gnoll
Aim: a gnoll, wielding a +0 halberd (severely wounded, 60% to hit)
You throw a poisoned dart.
The poisoned dart closely misses the gnoll.
The frozen ramparts melt away.
The gnoll hits you from afar with a +0 halberd.
* * * LOW HITPOINT WARNING * * *
Throw: 8 darts (poison)
Press: ? - help, Q - select action, (/) - cycle Shift-Dir - straight line, f/p - gnoll
Aim: a gnoll, wielding a +0 halberd (severely wounded, 60% to hit)
You throw a poisoned dart. The poisoned dart hits the gnoll.
The gnoll is severely wounded.
The gnoll hits you from afar with a +0 halberd.
You die...

#.##....##.#
#.##.#..##.#
#..........#
######.#####
#.# #.# #.#
#.# #@#
....(g).#
#(#######


You could see a gnoll.

Vanquished Creatures
  2 gnolls (D:2)
  2 dart slugs (D:1)
  3 ball pythons (D:1)
  4 endoplasms
  4 giant cockroaches (D:1)
  2 goblins (D:1)
  A hobgoblin (D:1)
  2 quokkas
  3 bats
  2 frilled lizards (D:1)
  3 kobolds
  7 rats
35 creatures vanquished.

Notes
Turn   | Place    | Note
-------+----------+-------------------------------------------
     0 | D:1      | DeadlyToaster the Mummy Ice Elementalist began the quest
                  | for the Orb.
     0 | D:1      | Reached XP level 1. HP: 13/13 MP: 4/4
   169 | D:1      | Reached XP level 2. HP: 11/19 MP: 0/5
   458 | D:1      | Found a faded altar of an unknown god.
   942 | D:1      | Reached XP level 3. HP: 24/24 MP: 5/7
  1096 | D:1      | Reached skill level 4 in Ice Magic
  1200 | D:1      | Learned a level 3 spell: Frozen Ramparts
  1204 | D:1      | Learned a level 3 spell: Ozocubu's Armour
  1490 | D:2      | Found Jaewn's Antique Armour Emporium.
  2021 | D:2      | Slain by a gnoll

Illustrated notes

Levels and vault maps discovered:
D:1:      moated_graveyard_arrival, layout_basic, basic_ecumenical_altar,
          minmay_misc_feat_cross
D:2:      layout_loops_cross, serial_shops, shop_statue, minmay_misc_feat_tower

Skill      XL: |  1  2  3 |
---------------+----------+-----
Spellcasting   | 3 |  3.1
Ice Magic      | 4 |  4.3
Dodging        | |  1.6
Stealth        | |  1.8

Action                   || total
-------------------------++-------
Melee: Short sword       ||    10
       Club              ||     9
       Dagger            ||     1
       Long sword        ||    10
 Fire: Hunting sling     ||    12
Throw: Dart              ||     5
 Cast: Freeze            ||    27
       Frozen Ramparts   ||     2
       Ozocubu's Armour  ||     1
 Stab: Sleeping          ||     5
Armor: Robe              ||     7
Dodge: Dodged            ||    29
